 Dungeon Crawl Stone Soup version 0.23.0 (webtiles) character file.

Game seed: 11605054655673000314

1148 DrEnzyme the Vandal (level 8, -1/69 HPs)
             Began as a Deep Dwarf Wanderer on Feb 12, 2019.
             Killed from afar by an orc wizard (7 damage)
             ... with a puff of flame
             ... on level 6 of the Dungeon on Feb 13, 2019.
             The game lasted 00:16:47 (6204 turns).

DrEnzyme the Vandal (Deep Dwarf Wanderer)           Turns: 6204, Time: 00:16:47

Health: -1/69      AC:  8    Str: 14    XL:     8   Next: 15%
Magic:  2/2        EV: 10    Int: 15    God:
Gold:   237        SH:  0    Dex: 14    Spells: 10/11 levels left

rFire    . . .     SeeInvis .   a - +0 hand axe
rCold    . . .     Gourm    .   (no shield)
rNeg     + . .     Faith    .   k - +0 scale mail
rPois    .         Spirit   .   j - +0 helmet
rElec    .         Reflect  .   G - scarf {repulsion}
rCorr    .         Harm     .   (no gloves)
MR       +....                  (no boots)
Stlth    ..........             e - amulet of the acrobat
HPRegen  0.00/turn              m - ring of positive energy
MPRegen  0.08/turn              (no ring)

@: non-regenerating, repel missiles
A: damage resistance, heal wounds, sense surroundings 1, no regeneration
a: Heal Wounds


You were on level 6 of the Dungeon.
You were not hungry.

You visited 2 branches of the dungeon, and saw 7 of its levels.
You also visited: Sewer.

You collected 237 gold pieces.

Inventory:

Hand Weapons
 a - a +0 hand axe (weapon)
 b - a +0 hunting sling
 n - a +0 dagger
 F - a +0 short sword
 L - a +0 war axe
Missiles
 r - 83 stones (quivered)
Armour
 d - a +0 robe
 j - a +0 helmet (worn)
 k - a +0 scale mail (worn)
 y - a scarf of cloud immunity
 z - a +0 troll leather armour {Purgy}
 G - a scarf of repulsion (worn)
Jewellery
 e - an amulet of the acrobat (around neck)
 m - a ring of positive energy (left hand)
 D - an uncursed amulet of harm {unknown}
 I - an uncursed ring of poison resistance {unknown}
Wands
 q - a wand of random effects (21)
 A - a wand of acid (6)
Scrolls
 g - 2 scrolls of fog
 h - 2 scrolls of teleportation
 i - a scroll of identify
 l - a scroll of amnesia
 v - 2 scrolls of fear
 C - a scroll of remove curse {unknown}
 H - a scroll of immolation {unknown}
 J - a scroll of magic mapping
 K - 2 scrolls of enchant weapon {unknown}
Potions
 c - 2 potions of curing
 o - 2 potions of berserk rage {unknown}
 p - a potion of haste {unknown}
 s - a potion of flight
 t - a potion of resistance
 u - 2 potions of cancellation {unknown}
 w - a potion of brilliance {unknown}
 x - a potion of mutation {unknown}
 B - a potion of agility {unknown}
 E - a potion of heal wounds {unknown}
Comestibles
 f - 7 rations


   Skills:
 + Level 3.4 Fighting
 + Level 1.5 Short Blades
 + Level 4.0 Axes
 + Level 5.8 Slings
   Level 1.3 Bows
 + Level 4.4 Armour
 + Level 1.7 Dodging
 + Level 0.2 Stealth
 + Level 2.0 Spellcasting
   Level 3.6 Transmutations
 + Level 2.9 Evocations


You had 10 spell levels left.
You knew the following spells:

 Your Spells              Type           Power        Failure   Level  Hunger
a - Sandblast             Erth           #.....       65%         1    #......

Your spell library contained the following spells:

 Spells                   Type           Power        Failure   Level  Hunger
 Passwall                 Tmut/Erth      #.......     54%         2    ###....
 Ensorcelled Hibernation  Hex/Ice        #.....       78%         2    ###....
 Throw Frost              Conj/Ice       #.....       78%         2    ###....
 Stone Arrow              Conj/Erth      #.....       95%         3    ###....
 Petrify                  Tmut/Erth      #.......     99%         4    #####..
 Lee's Rapid Deconstruct  Erth           #.........   100%        5    ######.


Dungeon Overview and Level Annotations

Branches:
Dungeon (6/15)             Temple (1/1) D:5

Altars:
Ashenzari
Cheibriados
Dithmenos
Elyvilon
Fedhas
Gozag
Hepliaklqana
Kikubaaqudgha
Nemelex Xobeh
Okawaru
Qazlal
Ru
Sif Muna
Trog
Uskayaw
Vehumet
Wu Jian
Xom
Zin
The Shining One
Beogh

Annotations:
D:1 exclusion: downstairs
D:3 exclusion: downstairs
D:5 3 runed translucent doors, exclusion: downstairs, yakattack420's ghost, amateur BaAE


Innate Abilities, Weirdness & Mutations

You are resistant to damage.
You can heal yourself by infusing magical energy.
You passively map a small area around you.
You do not regenerate.


Message History

You are too injured to fight recklessly!
You are too injured to fight recklessly!
You hit the orc wizard.
The orc wizard is heavily wounded.
The orc wizard hits you but does no damage. x2
You hit the orc wizard.
The orc wizard is severely wounded.
The orc wizard casts a spell at you. The puff of frost hits you.
You hit the orc wizard.
The orc wizard is almost dead.
The orc wizard hits you with a +1 dagger of electrocution.
You are electrocuted!!
* * * LOW HITPOINT WARNING * * *
You hit the orc.
The orc is moderately wounded.
You hit the orc wizard but do no damage.
The orc wizard points at you and mumbles some strange words.
The puff of flame hits you!
You die...

##### #...# *
#######...# ##########
......#...#####.........
......oo..............>.
......#@..#####.........
,,
......#.................
...o. #........#####.###
..... #..............#


oo.., #.........)....# .... ,...............# , , .#........#####.# ,,, ,
,#######.## #.### , , #..........##.#.. You could see an orc wizard and an orc.

Vanquished Creatures
  Edmund (D:5)
  Purgy (Sewer)
  A phantom (D:4)
  2 ice beasts
  A wight (D:6)
  A howler monkey (D:4)
  A crimson imp (D:6)
  2 orc priests (D:4)
  A centaur skeleton (D:5)
  3 orc wizards
  A bullfrog skeleton (D:4)
  2 iguanas
  3 worker ants
  A hound skeleton (D:6)
  Robin (D:2)
  A howler monkey skeleton (D:2)
  7 adders
  A shadow imp (D:5)
  3 oozes
  An adder zombie (D:5)
  5 worms
  5 leopard geckos
  11 orcs
  9 bats
  A giant cockroach (D:4)
  18 goblins
  7 hobgoblins
  11 jackals
  6 quokkas
  A frilled lizard (D:4)
  6 kobolds
  5 rats
120 creatures vanquished.

Vanquished Creatures (others)
  An orc wizard (D:3)
1 creature vanquished.

Grand Total: 121 creatures vanquished

Notes
Turn   | Place    | Note
-------+----------+-------------------------------------------
     0 | D:1      | DrEnzyme the Deep Dwarf Wanderer began the quest for the
                  | Orb.
     0 | D:1      | DrEnzyme set off with the following items: a potion of
                  | curing, a +0 robe, a +0 dagger, a ration; and the following
                  | spell memorised: Sandblast; and the following spells
                  | available to memorise: Passwall, Ensorcelled Hibernation,
                  | Throw Frost, Stone Arrow, Petrify, Lee's Rapid
                  | Deconstruction
     0 | D:1      | Reached XP level 1. HP: 18/18 MP: 2/2
   395 | D:1      | Reached XP level 2. HP: 20/25 MP: 1/3
  1166 | D:2      | Reached XP level 3. HP: 30/31 MP: 4/4
  1195 | D:2      | Noticed Robin
  1434 | D:2      | Reached skill level 1 in Slings
  2010 | D:2      | Killed Robin
  2010 | D:2      | Reached skill level 1 in Short Blades
  2191 | D:3      | Reached XP level 4. HP: 28/39 MP: 3/3
  2303 | D:3      | Reached skill level 2 in Slings
  2563 | D:3      | Found a hazy altar of Hepliaklqana.
  2564 | D:3      | Found a hide-covered altar of Uskayaw.
  2721 | D:3      | Reached skill level 3 in Slings
  2736 | D:3      | Found a deep blue altar of Sif Muna.
  2762 | D:3      | Reached XP level 5. HP: 41/45 MP: 4/4
  2764 | D:3      | Reached skill level 1 in Armour
  3329 | D:4      | Noticed a phantom
  3422 | D:4      | Killed a phantom
  3422 | D:4      | Reached skill level 4 in Slings
  3422 | D:4      | Reached XP level 6. HP: 39/54 MP: 5/5
  3554 | D:4      | Reached skill level 5 in Slings
  4302 | D:4      | Reached XP level 7. HP: 21/61 MP: 4/4
  4703 | D:5      | Entered Level 5 of the Dungeon
  4776 | D:5      | Found a glowing drain.
  4781 | Sewer    | Entered a sewer
  4809 | Sewer    | Noticed Purgy
  4821 | Sewer    | Killed Purgy
  4821 | Sewer    | Reached skill level 1 in Axes
  4821 | Sewer    | Reached skill level 1 in Dodging
  4908 | D:5      | Found a staircase to the Ecumenical Temple.
  4949 | Temple   | Entered the Ecumenical Temple
  5339 | D:5      | Found a runed translucent gate.
  5339 | D:5      | Noticed yakattack420's ghost (amateur BaAE)
  5340 | D:5      | Found a runed translucent gate.
  5341 | D:5      | Found a runed translucent gate.
  5342 | D:5      | Identified the +1 ring mail of Hide-and-Seek {MR+}
  5347 | D:5      | Found a roughly hewn altar of Beogh.
  5483 | D:5      | Noticed Edmund
  5522 | D:5      | Killed Edmund
  5951 | D:6      | Reached XP level 8. HP: 28/69 MP: 3/3
  6204 | D:6      | Killed from afar by an orc wizard

Skill      XL: |  1  2  3  4  5  6  7  8 |
---------------+-------------------------+-----
Spellcasting   | 2 |  2.0
Slings         | 1 3 4 5 |  5.8
Short Blades   | 1 |  1.5
Fighting       | 2 3 |  3.4
Armour         | 1 2 4 |  4.4
Axes           | 3 4 |  4.0
Dodging        | 1 |  1.7
Bows           | |  1.3
Stealth        | |  0.2
Transmutations | |  3.6
Evocations     | |  2.9

Action                   |  1- 3 |  4- 6 |  7- 9 || total
-------------------------+-------+-------+-------++-------
Melee: Dagger            |   101 |       |       ||   101
       Short sword       |    87 |   101 |    15 ||   203
       Hunting sling     |       |     2 |       ||     2
       Hand axe          |       |       |   188 ||   188
 Fire: Hunting sling     |    40 |   323 |       ||   363
 Abil: Heal Wounds       |     4 |     9 |    11 ||    24
Evoke: Wand              |       |       |     7 ||     7
  Use: Scroll            |     2 |     2 |     5 ||     9
       Potion            |       |     2 |       ||     2
  Eat: Chunk             |     4 |     7 |     3 ||    14
       Ration            |       |       |     1 ||     1
Armor: Robe              |     6 |       |       ||     6
       Scale mail        |    81 |   129 |   119 ||   329
Dodge: Dodged            |   110 |   152 |   129 ||   391
